 Dungeon Crawl Stone Soup version 0.28.0-45-g0d030f2227 (webtiles) character file.

Game seed: 3653583786627171375

850 raph the Grave Robber (level 7, 0/61 HPs)
             Began as a Deep Dwarf Necromancer on May 25, 2022.
             Killed by divine providence
             ... invoked by an orc priest
              (13 damage)
             ... on level 5 of the Dungeon.
             The game lasted 00:09:44 (6565 turns).

raph the Grave Robber (Deep Dwarf Necromancer)      Turns: 6565, Time: 00:09:45

Health: 0/61       AC:  5    Str: 11    XL:     7   Next: 69%
Magic:  19/20 (11) EV: 13    Int: 18    God:
Gold:   159        SH:  5    Dex: 19    Spells: 4/12 levels left

rFire   . . .      SeeInvis .   a - +3 demon blade (vamp)
rCold   . . .      Faith    .   h - +0 buckler
rNeg    . . .      Spirit   .   v - +0 leather armour
rPois   .          Reflect  .   (no helmet)
rElec   .          Harm     .   r - +0 cloak
rCorr   +          Rampage  .   u - +0 pair of gloves
Will    ++...                   (no boots)
Stlth   +++.......              (no amulet)
HPRegen 0.00/turn               y - ring of magical power
MPRegen 0.17/turn               i - ring of Pragmatism {Will+ rCorr Dex+6}

@: no status effects
A: damage resistance, heal wounds, sense surroundings 1, no regeneration
a: Heal Wounds


You were on level 5 of the Dungeon.
You visited 2 branches of the dungeon, and saw 6 of its levels.

You collected 159 gold pieces.

Inventory:

Hand Weapons
 a - a +3 vampiric demon blade (weapon)
 g - a +1 dagger
Armour
 f - a +0 robe
 h - a +0 buckler (worn)
 r - a +0 cloak (worn)
 u - a +0 pair of gloves (worn)
 v - a +0 leather armour (worn)
Magical Staves
 b - a staff of death
Jewellery
 i - the ring of Pragmatism (right hand) {Will+ rCorr Dex+6}
   (You acquired it on level 5 of the Dungeon)

   [ring of dexterity]

   Dex:       It affects your dexterity (+6).
   rCorr:     It protects you from acid and corrosion.
   Will:      It increases your willpower.
 y - a ring of magical power (left hand)
 A - a ring of fire
 B - a ring of protection from cold
Wands
 t - a wand of acid (8)
Scrolls
 m - a scroll of teleportation {unknown}
 n - a scroll of silence {unknown}
 o - a scroll of holy word {unknown}
 p - 2 scrolls of identify
 q - a scroll of blinking
Potions
 c - 3 potions of resistance
 d - a potion of degeneration {unknown}
 e - a potion of lignification {unknown}
 j - a potion of curing {unknown}
 k - a potion of heal wounds {unknown}
 l - 2 potions of invisibility {unknown}
 s - a potion of ambrosia {unknown}
 x - a potion of might {unknown}
 z - a potion of flight {unknown}


   Skills:
 + Level 2.5 Fighting
 + Level 4.0 Dodging
 + Level 4.7 Stealth
 + Level 3.0 Shields
 + Level 3.1 Spellcasting
 * Level 6.6 Necromancy
 + Level 2.9 Earth Magic


You had 4 spell levels left.
You knew the following spells:

 Your Spells              Type           Power      Damage    Failure   Level
a - Pain                  Necr           100%       1d9       1%          1
b - Animate Skeleton      Necr           52%        N/A       1%          1
c - Vampiric Draining     Necr           26%        2d7       5%          3
d - Stone Arrow           Conj/Erth      16%        3d8       41%         3

Your spell library contained the following spells:

 Spells                   Type           Power      Damage    Failure   Level
 Animate Dead             Necr           13%        N/A       19%         4
 Apportation              Tloc           4%         N/A       28%         1
 Summon Small Mammal      Summ           8%         N/A       28%         1
 Conjure Flame            Conj/Fire      2%         6-21      63%         3
 Ignite Poison            Fire/Tmut/Pois 2%         N/A       63%         3
 Animate Armour           Summ/Erth      16%        N/A       83%         4
 Sticky Flame             Conj/Fire      2%         2d3       95%         4
 Agony                    Necr           26%        N/A       45%         5
 Lehudib's Crystal Spear  Conj/Erth      4%         10d3      100%        8


Dungeon Overview and Level Annotations

Branches:
Dungeon (5/15)             Temple (1/1) D:5

Altars:
Ashenzari
Dithmenos
Elyvilon
Fedhas
Gozag
Kikubaaqudgha
Ru
Sif Muna
Trog
Wu Jian
Yredelemnul
Zin
The Shining One

Annotations:
D:3 Grinder


Innate Abilities, Weirdness & Mutations

You are resistant to damage.
You can heal yourself by infusing magical energy.
You passively map a small area around you.
You do not regenerate.


Message History

Casting: Stone Arrow (dangerous; 43% risk of failure)
Confirm with . or Enter, or press ? or * to list all spells.
Aiming: Stone Arrow (dangerous; 43% risk of failure)
Press: ? - help, Shift-Dir - straight line, f/p - centaur zombie
Aim: a centaur zombie (heavily damaged, 100% to hit)
You miscast Stone Arrow.
Nothing appears to happen.
The centaur zombie barely misses you. You block the centaur zombie's attack.
You hit the centaur zombie.
The centaur zombie is severely damaged.
The centaur zombie barely misses you. The centaur zombie kicks you.
The centaur zombie hits you but does no damage.
The centaur zombie kicks you but does no damage.
You slash the centaur zombie!
The centaur zombie is almost destroyed.
The centaur zombie completely misses you.
The centaur zombie closely misses you.
You slash the centaur zombie!
You destroy the centaur zombie!
Your Shields skill increases to level 3!
You start resting.
Your magical contamination has completely faded away.
You start resting.
Magic restored.
You open the door.
There is an open door here.
Things that are here:
a +0 ring mail; a +0 hand axe You see here a +0 pair of gloves.
There is a stone staircase leading up here.
An orc priest and 2 orcs come into view.
The orc priest is wielding a +2 dagger of draining.
Aiming: Pain (safe; 1% risk of failure)
Press: ? - help, Q - select action, (/) - cycle Shift-Dir - straight line, f - orc priest
Aim: an orc priest, wielding a +2 dagger of draining and wearing a +0 scale mail (asleep, chance to affect: 83%)
The orc priest shouts!
The orc priest writhes in agony.
The orc shouts! x2
The orc priest mumbles some strange prayers to Beogh against you.
Beogh smites you!
You die...

*,*,,,,.,,**#...#....##.####...
*,*,,,,..,,,....#....#...###...
*,*,,,,...###...#..............
*,****,.........#.....#........
*,****,...o.....#..............
*,,,,,,...o..o..#......#.......
*,,,,,,***,,,#o#####...#.......
*,,,,,,**#.,,#.# #...##......
*,,,,,,,,+..,#@#####...##......
*,,,,,,*##...#....<#...########
*,*,,,,,.....#.................
*,******#....#...#.#...########
*,* *,#......#.#........... *,*
*,#......#.#....#######
*,*******,#......#.#...[...####
*,,,,,,,*,#.##...#.#...........
*,,,,,,,,,#.*#...#.#...........


You could see an orc priest and an orc.

Vanquished Creatures
  A steam dragon (D:5)
  A black bear (D:5)
  2 ogres (D:4)
  A necrophage (D:4)
  A water moccasin skeleton (D:5)
  A centaur zombie (D:5)
  A bullfrog zombie (D:5)
  A jelly (D:3)
  A gnoll shaman (D:2)
  Crazy Yiuf (D:3)
  An iguana (D:5)
  4 adders
  3 gnolls (D:3)
  A white imp (D:5)
  A worm (D:3)
  4 dart slugs
  An orc (D:5)
  3 endoplasms
  4 giant cockroaches
  7 goblins
  4 hobgoblins
  3 jackals (D:1)
  4 quokkas
  6 ball pythons
  6 bats
  2 frilled lizards
  7 kobolds
  6 rats
78 creatures vanquished.

Vanquished Creatures (collateral kills)
  A kobold (D:1)
1 creature vanquished.

Vanquished Creatures (others)
  20 plants (D:3)
  5 toadstools (D:1)
25 creatures vanquished.

Grand Total: 104 creatures vanquished

Notes
Turn   | Place    | Note
-------+----------+-------------------------------------------
     0 | D:1      | raph the Deep Dwarf Necromancer began the quest for the
                  | Orb.
     0 | D:1      | Reached XP level 1. HP: 15/15 MP: 3/3
   100 | D:1      | Learned a level 1 spell: Animate Skeleton
   290 | D:1      | Reached XP level 2. HP: 17/24 MP: 1/4
  1352 | D:2      | Reached XP level 3. HP: 21/30 MP: 3/6
  1362 | D:2      | Learned a level 3 spell: Vampiric Draining
  1909 | D:2      | Reached skill level 1 in Fighting
  2066 | D:2      | Reached skill level 5 in Necromancy
  2266 | D:2      | Reached XP level 4. HP: 38/38 MP: 0/7
  2650 | D:3      | Noticed Grinder
  2758 | D:3      | Identified a scroll of acquirement
  2758 | D:3      | Acquired a +3 vampiric demon blade
  2791 | D:3      | Reached skill level 1 in Shields
  3025 | D:2      | Reached XP level 5. HP: 18/44 MP: 4/8
  3597 | D:3      | Learned a level 3 spell: Stone Arrow
  3770 | D:3      | Found a runed translucent door.
  3771 | D:3      | Noticed Crazy Yiuf
  3778 | D:3      | Killed Crazy Yiuf
  4075 | D:4      | Noticed a necrophage
  4090 | D:4      | Killed a necrophage
  4091 | D:4      | Reached skill level 1 in Earth Magic
  4091 | D:4      | Reached XP level 6. HP: 14/52 MP: 9/9
  4658 | D:4      | Reached skill level 6 in Necromancy
  5378 | D:5      | Entered Level 5 of the Dungeon
  5480 | D:5      | Reached XP level 7. HP: 22/60 MP: 0/11
  5648 | D:5      | Noticed a steam dragon
  5662 | D:5      | Killed a steam dragon
  5936 | D:5      | Found a staircase to the Ecumenical Temple.
  5953 | Temple   | Entered the Ecumenical Temple
  6271 | D:5      | Acquired the ring of Pragmatism {Will+ rCorr Dex+6}
  6565 | D:5      | Killed from afar by an orc priest

Illustrated notes

Levels and vault maps discovered:
D:1:      ldierk_walled_garden, layout_basic
D:2:      layout_basic
D:3:      layout_loops_ring, nicolae_grassy_gnolls, uniq_crazy_yiuf_cottage,
          uniq_grinder
D:4:      layout_loops_corners
D:5:      layout_basic, nicolae_overflow_hallway_of_the_gods,
          minmay_temple_entry_offerings, st_stairs_1, uniq_sigmund,
          uniq_menkaure
Temple:   oiseaux_autumnal_temple

Skill      XL: |  1  2  3  4  5  6  7 |
---------------+----------------------+-----
Spellcasting   | 2 3 |  3.1
Fighting       | 1 2 |  2.5
Necromancy     | 5 6 |  6.6
Stealth        | 3 4 |  4.7
Shields        | 1 2 3 |  3.0
Dodging        | 3 4 |  4.0
Earth Magic    | 1 2 |  2.9

Action                   |  1- 3 |  4- 6 |  7- 9 || total
-------------------------+-------+-------+-------++-------
Melee: Unarmed           |     4 |       |       ||     4
       Dagger            |     1 |       |       ||     1
       Staff             |     6 |     4 |     8 ||    18
       Demon blade       |       |    22 |    13 ||    35
 Cast: Pain              |    50 |    40 |     4 ||    94
       Animate Skeleton  |     8 |     6 |       ||    14
       Vampiric Draining |     9 |    21 |     5 ||    35
       Stone Arrow       |       |       |     2 ||     2
 Abil: Heal Wounds       |       |     1 |       ||     1
  Use: Scroll            |     3 |     1 |     4 ||     8
 Stab: Sleeping          |     1 |     2 |     1 ||     4
Armor: Robe              |     8 |     4 |       ||    12
       Leather armour    |       |     3 |    22 ||    25
Dodge: Dodged            |    26 |    27 |    27 ||    80
Block: Buckler           |     4 |     7 |    10 ||    21
